 Dungeon Sprint DCSS version 0.19-a0-1920-g83281cb (webtiles) character file.

125 Naow the Covert (level 4, -18/21 HPs)
             Began as a Spriggan Enchanter on Oct 23, 2016.
             Was an Initiate of Dithmenos.
             Demolished by a hill giant
             ... wielding a +0 giant spiked club
              (37 damage)
             ... in the Dungeon (Sprint IX: "|||||||||||||||||||||||||||||").
             The game lasted 00:02:11 (582 turns).

Naow the Covert (Spriggan Enchanter)                 Turns: 582, Time: 00:02:12

Health: -18/21     AC:  3    Str:  4    XL:     4   Next: 82%
Magic:  7/13       EV: 18    Int: 23    God:    Dithmenos [......]
Gold:   0          SH:  0    Dex: 16    Spells: 4 memorised, 6 levels left

rFire  . . .     SeeInvis +     a - +1 dagger
rCold  . . .     Gourm    .     b - +1 robe
rNeg   . . .     Faith    .     (shield restricted)
rPois  .         Spirit   .     (helmet restricted)
rElec  .         Reflect  .     (no cloak)
rCorr  .         Harm     .     (gloves unavailable)
MR     .....     NoTele   +     (boots unavailable)
Stlth  ++++......               (no amulet)
                                p - +3 ring of intelligence
                                o - +3 ring of intelligence

@: very quick
A: unfitting armour, see invisible, herbivore 3, speed 3, slow metabolism 2
a: Renounce Religion


You were in the Dungeon.
You worshipped Dithmenos.
Dithmenos was noncommittal.
You were not hungry.

You visited 1 branch

Inventory:

Hand Weapons
 a - a +1 dagger (weapon)
Armour
 b - a +1 robe (worn)
Jewellery
 o - a +3 ring of intelligence (left hand)
 p - a +3 ring of intelligence (right hand)
Wands
 n - a wand of lightning (7/15)
Scrolls
 j - 2 scrolls of blinking
 l - 3 scrolls of remove curse
 m - 2 scrolls of amnesia
Potions
 e - a potion of invisibility
 f - 3 potions of heal wounds
 g - a potion of haste
 h - 4 potions of magic
 i - a potion of berserk rage
 k - 4 potions of curing
Books
 c - a book of Maledictions

   Spells                             Type                      Level
   a - Corona                         Hexes                        1
   b - Ensorcelled Hibernation        Hexes/Ice                    2
   c - Confuse                        Hexes                        3
   d - Tukima's Dance                 Hexes                        3
   e - Dazzling Spray                 Conjuration/Hexes            3
Comestibles
 d - a bread ration


   Skills:
 + Level 5.2 Short Blades
 - Level 3.0 Dodging
 + Level 8.6 Stealth
 + Level 6.2 Spellcasting
 + Level 6.9 Hexes


You had 6 spell levels left.
You knew the following spells:

 Your Spells              Type           Power        Failure   Level  Hunger
a - Corona                Hex            #####..      1%          1    None
b - Ensorcelled Hibernat  Hex/Ice        ###...       2%          2    None
c - Tukima's Dance        Hex            #####...     1%          3    #......
d - Confuse               Hex            #####...     1%          3    #......


Dungeon Overview and Level Annotations

Branches:
Dungeon (1/1)

Altars:
Cheibriados
Dithmenos
Elyvilon
Fedhas
Gozag
Hepliaklqana
Kikubaaqudgha
Makhleb
Nemelex Xobeh
Okawaru
Qazlal
Ru
Sif Muna
Trog
Uskayaw
Vehumet
Xom
Yredelemnul
Zin
The Shining One
Beogh
Jiyva
Lugonu


Innate Abilities, Weirdness & Mutations

You are very small and have problems with some larger weapons.
You are too small for most types of armour.
You have supernaturally acute eyesight. (SInv)
You are a herbivore.
You cover ground extremely quickly.
You need consume almost no food.


Message History

There is an open door to the Dungeon here.
You close the door.
You start resting.
A hill giant opens the door.
It is wielding a giant spiked club.
Casting: Ensorcelled Hibernation
Confirm with . or Enter, or press ? or * to list all spells.
Aiming: Ensorcelled Hibernation
Press: ? - help, Shift-Dir - straight line, f/p - hill giant
Aim: a hill giant, wielding a giant spiked club (hasn't noticed you, chance to defeat MR: 35%)
The hill giant shouts!
The hill giant easily resists.
Casting: Ensorcelled Hibernation
Confirm with . or Enter, or press ? or * to list all spells.
Aiming: Ensorcelled Hibernation
Press: ? - help, Shift-Dir - straight line, f/p - hill giant
Aim: a hill giant, wielding a giant spiked club (chance to defeat MR: 35%)
The hill giant easily resists.
The hill giant hits you with a giant spiked club!!!
Ouch! That really hurt!
You die... ▓▓▓▓▓▓▓▓▓▓▓▓▓▓▓▓▓▓▓▓ ▓<.@C'))...'†C...+__ ▓▓▓▓▓▓▓▓▓▓▓▓▓▓▓▓▓▓▓▓

You could see a hill giant.

Vanquished Creatures
  A phantom (D)
  A worker ant (D)
  An adder (D)
  A leopard gecko (D)
  A bat (D)
  2 hobgoblins (D)
  A kobold (D)
  A ball python skeleton (D)
  A frilled lizard (D)
  A leopard gecko skeleton (D)
11 creatures vanquished.

Notes
Turn   | Place    | Note
-------+----------+-------------------------------------------
     0 | D        | Naow the Spriggan Enchanter began the quest for the Orb.
     0 | D        | Reached XP level 1. HP: 9/9 MP: 5/5
    32 | D        | Reached skill level 5 in Stealth
    45 | D        | Noticed a worker ant
    47 | D        | Reached XP level 2. HP: 13/13 MP: 6/8
    57 | D        | Learned a level 2 spell: Ensorcelled Hibernation
   329 | D        | Reached skill level 6 in Stealth
   329 | D        | Reached skill level 5 in Hexes
   329 | D        | Reached XP level 3. HP: 16/16 MP: 5/10
   355 | D        | Learned a level 3 spell: Tukima's Dance
   359 | D        | Learned a level 3 spell: Confuse
   391 | D        | Found a roughly hewn altar of Beogh.
   391 | D        | Found a snail-covered altar of Cheibriados.
   391 | D        | Found a shadowy altar of Dithmenos.
   391 | D        | Found a white marble altar of Elyvilon.
   391 | D        | Found a blossoming altar of Fedhas.
   391 | D        | Found an opulent altar of Gozag.
   392 | D        | Found a hazy altar of Hepliaklqana.
   393 | D        | Found a viscous altar of Jiyva.
   394 | D        | Found an ancient bone altar of Kikubaaqudgha.
   395 | D        | Found a corrupted altar of Lugonu.
   396 | D        | Found a burning altar of Makhleb.
   398 | D        | Became a worshipper of Dithmenos the Shadowed
   400 | D        | Found a sparkling altar of Nemelex Xobeh.
   401 | D        | Found an iron altar of Okawaru.
   402 | D        | Found a stormy altar of Qazlal.
   403 | D        | Found a sacrificial altar of Ru.
   404 | D        | Found a deep blue altar of Sif Muna.
   405 | D        | Found a bloodstained altar of Trog.
   406 | D        | Found a hide-covered altar of Uskayaw.
   407 | D        | Found a radiant altar of Vehumet.
   408 | D        | Found a shimmering altar of Xom.
   409 | D        | Found a basalt altar of Yredelemnul.
   410 | D        | Found a glowing silver altar of Zin.
   411 | D        | Found a glowing golden altar of the Shining One.
   446 | D        | Noticed a phantom
   446 | D        | Noticed a hill giant
   446 | D        | Noticed a bullfrog
   446 | D        | Noticed an ice beast
   446 | D        | Noticed a wraith
   481 | D        | Killed a phantom
   481 | D        | Reached skill level 5 in Short Blades
   481 | D        | Reached skill level 8 in Stealth
   481 | D        | Reached XP level 4. HP: 13/21 MP: 4/13
   582 | D        | Demolished by a hill giant

Vault maps used:
D:        linesprint

Skill      XL: |  1  2  3 |
---------------+----------+-----
Spellcasting   | 4 6 |  6.2
Hexes          | 4 5 6 |  6.9
Short Blades   | 2 3 5 |  5.2
Stealth        | 5 6 8 |  8.6
Dodging        | |  3.0

Action                   |  1- 3 |  4- 6 || total
-------------------------+-------+-------++-------
Melee: Dagger            |    62 |       ||    62
 Cast: Ensorcelled Hiber |     6 |     4 ||    10
       Confuse           |     3 |       ||     3
  Use: Potion            |     1 |       ||     1
 Stab: Sleeping          |     3 |       ||     3
       Distracted        |     1 |       ||     1
       Confused          |     1 |       ||     1
Armor: Robe              |     4 |       ||     4
Dodge: Dodged            |    45 |       ||    45
